 Dungeon Crawl Stone Soup version 0.28.0 (webtiles) character file.

Game seed: 4096089177439862288

4 Peloso the Slasher (level 1, 18/18 HPs)
             Began as a Minotaur Gladiator on Feb 12, 2022.
             Got out of the dungeon alive.
             The game lasted 00:00:34 (269 turns).

Peloso the Slasher (Minotaur Gladiator)              Turns: 269, Time: 00:00:34

Health: 18/18      AC:  3    Str: 18    XL:     1   Next: 58%
Magic:  0/0        EV: 12    Int:  5    God:
Gold:   31         SH:  0    Dex: 11    Spells: 0/0 levels left

rFire   . . .      SeeInvis .   a - +0 long sword
rCold   . . .      Faith    .   (no shield)
rNeg    . . .      Spirit   .   b - +0 leather armour
rPois   .          Reflect  .   c - +0 hat
rElec   .          Harm     .   (no cloak)
rCorr   .          Rampage  .   (no gloves)
Will    .....                   (no boots)
Stlth   +.........              (no amulet)
HPRegen 0.06/turn               (no ring)
MPRegen 0.07/turn               (no ring)

@: no status effects
A: horns 2, retaliatory headbutt
a: no special abilities


You escaped.
You visited 1 branch of the dungeon, and saw 1 of its levels.

You collected 31 gold pieces.

Inventory:

Hand Weapons
 a - a +0 long sword (weapon)
Missiles
 d - 3 throwing nets (quivered)
Armour
 b - a +0 leather armour (worn)
 c - a +0 hat (worn)
Scrolls
 e - a scroll of blinking {unknown}
 f - a scroll of teleportation {unknown}


   Skills:
 + Level 2.5 Fighting
 + Level 3.8 Long Blades
 + Level 2.0 Throwing
 + Level 3.3 Dodging


You couldn't memorise any spells.
You didn't know any spells.
Your spell library was empty.

Dungeon Overview and Level Annotations

Branches:
Dungeon (1/15)

Altars:

Shops:
D:1 (


Innate Abilities, Weirdness & Mutations

You have a pair of horns on your head.
You reflexively headbutt those who attack you in melee.


Message History

The bat hits you but does no damage. The bat barely misses you.
You barely miss the bat. You headbutt the bat.
You kill the bat!
There is an entrance to Erruthria's Antique Weapon Boutique here.
You open the door.
There is an open door here.
An endoplasm comes into view.
The endoplasm quivers.
An endoplasm is nearby!
An endoplasm is nearby!
An endoplasm is nearby!
The endoplasm barely misses you.
You hit the endoplasm.
You headbutt the endoplasm, but do no damage.
The endoplasm is lightly wounded.
The endoplasm hits you.
You hit the endoplasm.
The endoplasm is almost dead.
The endoplasm hits you but does no damage.
You slash the endoplasm!
You kill the endoplasm!
HP restored.
A ball python comes into view.
The ball python hisses angrily.
A ball python is nearby!
A quokka comes into view.
You hit the ball python.
You kill the ball python!
You barely miss the quokka. Your headbutt misses the quokka.
The quokka barely misses you. You furiously retaliate!
You headbutt the quokka!
You kill the quokka!
There is an open door here.
There is an entrance to Erruthria's Antique Weapon Boutique here.
There is an open door here.
There is a staircase leading out of the dungeon here.
You can't go down here!
Are you sure you want to leave the Dungeon?
This will make you lose the game!
Alright, then stay!
Are you sure you want to leave the Dungeon?
This will make you lose the game!
You have escaped!

#.# ##).# # #.####...# #
##........##### #
#.............#
#......#......####. #
#.....###.......... .
#......#......# #
#.............#
##..#..@#...#..# #.#
#########..###.###.###.#
#.#
#...........#...#>..#..#
#.#
#.#######..............#
#.### #.#
#.......#......# #.#.#
##.#####
#......###.....# #....
.......#
#.......#......#####....
##.###.#
#.......................
#.# #.#
#.##.#.....#.#.####.....


There were no monsters in sight!

Vanquished Creatures
  A bat (D:1)
  An endoplasm (D:1)
  A quokka (D:1)
  A ball python (D:1)
4 creatures vanquished.

Notes
Turn   | Place    | Note
-------+----------+-------------------------------------------
     0 | D:1      | Peloso the Minotaur Gladiator began the quest for the Orb.
     0 | D:1      | Reached XP level 1. HP: 18/18 MP: 0/0
   132 | D:1      | Found a faded altar of an unknown god.
   161 | D:1      | Found Erruthria's Antique Weapon Boutique.
   269 | D:$      | Got out of the dungeon alive.

Illustrated notes

Levels and vault maps discovered:
D:1:      minmay_arrival_five_plusses, layout_loops_corners,
          hellmonk_ecumenical_altar_leap_of_faith, serial_shops,
          nicolae_shop_hallway_plus

Action                   || total
-------------------------++-------
Melee: Long sword        ||     6
       Headbutt          ||     2
Armor: Leather armour    ||     2
Dodge: Dodged            ||     4
